 Dungeon Crawl Stone Soup version 0.31-a0-986-g5e6e4ef867 (webtiles) character file.

Game seed: 4850528105492439994

34107 Xavori the Nimble (level 14, -1/100 (102) HPs)
             Began as a Djinni Chaos Knight on Nov 7, 2023.
             Was a Plaything of Xom.
             Slain by a chaos spawn (9 damage)
             ... summoned by Xom
             ... on level 3 of the Lair of Beasts.
             The game lasted 00:27:59 (21855 turns).

Xavori the Nimble (Djinni Chaos Knight)            Turns: 21855, Time: 00:28:00

HP:   -1/100 (102)  AC: 15    Str:  9    XL:     14   Next: 11%
Gold: 1807          EV: 16    Int: 13    God:    Xom [......] SH: 16 Dex: 19

rFire   + + .        a - +1 falchion (freeze)
rCold   x . .        C - +0 kite shield
rNeg    . . .        b - +2 leather armour
rPois   ∞            g - +1 hat
rElec   .            f - +1 cloak
rCorr   .            (no gloves)
SInv    .            (boots unavailable)
Will    +....        F - amulet of reflection
Stlth   +            p - +4 ring of protection
HPRegen 1.16/turn    n - +4 ring of slaying
MPRegen 0.00/turn

%: reflection, infuse magic (-2 HP)
@: about to teleport, flying, lightly drained
A: sickness immunity, fire resistance 2, cold vulnerability 1, float, innate
caster, HP casting, extra vitality 1, iridescent scales 1, regeneration 1, weak
1, evolution 1
a: Renounce Religion


You were on level 3 of the Lair of Beasts.
You worshipped Xom.
You were a very special plaything of Xom.
You visited 2 branches of the dungeon, and saw 14 of its levels.
You also visited: Ossuary.

You collected 1957 gold pieces.
You spent 150 gold pieces at shops.

Inventory:

Hand Weapons
 a - a +1 falchion of freezing (weapon)
Missiles
 E - 2 throwing nets
Armour
 b - a +2 leather armour (worn)
 f - a +1 cloak (worn)
 g - a +1 hat (worn)
 x - a +0 helmet
 C - a +0 kite shield (worn)
 P - +0 steam dragon scales
Jewellery
 h - a +6 ring of dexterity
 j - a ring of protection from fire
 n - a +4 ring of slaying (right hand)
 p - a +4 ring of protection (left hand)
 F - an amulet of reflection (around neck)
 M - a ring of protection from cold
 O - a ring of protection from cold
Wands
 l - a wand of roots (22)
 r - a wand of light (9)
 J - a wand of charming (2)
 L - a wand of digging (4)
 N - a wand of mindburst (2)
 R - a wand of polymorph (10)
Scrolls
 c - 2 scrolls of butterflies
 d - a scroll of immolation
 i - 2 scrolls of silence
 k - 2 scrolls of teleportation
 o - a scroll of torment
 v - 3 scrolls of enchant armour
 y - a scroll of fog
 A - 4 scrolls of poison
 G - 2 scrolls of vulnerability
 Q - 3 scrolls of blinking
Potions
 e - 3 potions of cancellation
 m - a potion of berserk rage {unknown}
 q - 2 potions of mutation
 s - 4 potions of heal wounds
 t - 2 potions of lignification
 w - 2 potions of ambrosia
 z - a potion of enlightenment
 B - a potion of haste {unknown}
 D - a potion of might {unknown}
 H - 7 potions of curing
 I - a potion of magic {unknown}
 K - a potion of brilliance {unknown}
 S - a potion of resistance {unknown}
 T - a potion of degeneration {unknown}
Miscellaneous
 u - a phantom mirror


   Skills:
 + Level 9.7 Fighting
 + Level 8.9 Long Blades
 + Level 9.2 Armour
 + Level 10.2 Dodging
 + Level 6.6 Shields
 * Level 8.9 Spellcasting
 * Level 8.9 Conjurations
 * Level 8.9 Hexes
 * Level 8.9 Summonings
 * Level 8.9 Necromancy
 * Level 8.9 Translocations
 * Level 8.9 Transmutations
 * Level 8.9 Fire Magic
 * Level 8.9 Ice Magic
 * Level 8.9 Air Magic
 * Level 8.9 Earth Magic
 * Level 8.9 Poison Magic
 - Level 5.6 Evocations


You knew the following spells:

 Your Spells              Type           Power      Damage    Failure   Level
a - Necrotise             Necr           100%       1d9       1%          1
b - Lesser Beckoning      Tloc           58%        N/A       2%          2
c - Stone Arrow           Conj/Erth      58%        3d10      4%          3
d - Sigil of Binding      Hex            29%        N/A       4%          3
e - Summon Forest         Summ/Tloc      14%        N/A       41%         5
f - Iskenderun's Battles  Conj           29%        2d8       41%         5
Your spell library was empty.

Dungeon Overview and Level Annotations

Branches:
Dungeon (11/15)            Temple (0/1) D:5            Lair (3/5) D:11
 Spider (0/4) Lair:3          Orc (0/2) D:10        Ossuary (visited)
  Swamp: Lair:2-3    Shoals: Lair:2-3

Altars:
Dithmenos
Hepliaklqana
Makhleb
Nemelex Xobeh
Okawaru
Uskayaw
Wu Jian
Xom
Yredelemnul
The Shining One

Shops:
D:5 (   D:8 *

Annotations:
D:3 1 runed translucent door, Dittersdorf's ghost, amateur HuFi
D:7 1 runed translucent door, Crazy Yiuf


Innate Abilities, Weirdness & Mutations

You are immune to sickness and miasma.
You are immune to poison.
Your flesh is very heat resistant. (rF++)
You are vulnerable to cold. (rC-)
You float through the air rather than walking.
You learn spells naturally, not from books.
Your magical power is your life essence.
You have superior vitality. (+4 MHP)
You are partially covered in iridescent scales. (AC +2)
Your natural rate of healing is unusually fast.
You are weak. (Str -2)
You have hidden genetic potential.


Message History

The quasit claws you but does no damage.
The quasit closely misses you. The wolf closely misses you.
The wolf bites you but does no damage. The ynoxinul hits you.
The chaos spawn hits you!
* * * LOW HITPOINT WARNING * * *
You resist with almost no effort.
The iron imp sputters.
The iron imp misses you.
Unknown command.
As you read the scroll of teleportation, it crumbles to dust.
You feel strangely unstable. You block the wolf's attack.
The quasit bites you but does no damage.
The quasit closely misses you.
The quasit claws you but does no damage.
You block the wolf's attack. The wolf completely misses you.
The chaos spawn misses you. The ynoxinul hits you!
* * * LOW HITPOINT WARNING * * *
The quasit barely misses you. You block the quasit's attack.
The quasit misses you.
Unknown command.
You slash the crimson imp! You freeze the crimson imp.
The crimson imp is severely wounded.
You block the wolf's attack. The wolf bites you!
* * * LOW HITPOINT WARNING * * *
You block the iron imp's attack. The wolf bites you but does no damage.
The quasit completely misses you.
The quasit claws you but does no damage. x2
The white imp lashes its tail.
The crimson imp blinks!
You block the chaos spawn's attack. The wolf completely misses you.
The ynoxinul gestures at you. The iron shot hits you!
* * * LOW HITPOINT WARNING * * *
You slash the wolf! You freeze the wolf.
The wolf is heavily wounded.
The wolf bites you but does no damage. x2; You block the quasit's attack.
The quasit closely misses you. You block the quasit's attack.
The iron imp barely misses you. The wolf barely misses you.
The chaos spawn hits you!
You die...

#............# ..#
#............## ......
#...........## #......
............# ......!
..........## .......
#......#.P# .......
#.#P#..### ##5...... #
####..# ##5h......
##..#..###3@55...#
###.......5545h#####
#.#........55###
##............##
#.#............#
#[.............##
#..............P#### .#
##.#...............#######.##
###.........#......##..#s..##


You could see a ynoxinul (summoned), a chaos spawn (summoned), 2 wolves, an iron
imp (summoned), a quasit (summoned), a crimson imp (summoned), 2 white imps and
4 ufetubi.

Vanquished Creatures
  A boulder beetle (D:11)
  5 two-headed ogres
  3 death yaks (D:11)
  A harpy (D:10)
  2 cyclopes (D:11)
  A black mamba (Lair:2)
  A black mamba (shapeshifter) (Lair:2)
  2 rust devils (D:8)
  2 torpor snails
  4 orange demons
  A gargoyle (D:11)
  Psyche (D:7)
  7 cane toads (Lair:2)
  2 rime drakes
  2 komodo dragons
  2 red devils (D:10)
  2 trolls
  A queen bee (shapeshifter) (D:10)
  Grinder (D:3)
  11 blink frogs (Lair:2)
  Sigmund (D:5)
  A shadow (D:11)
  A vampire (D:8)
  2 wyverns
  62 yaks
  A basilisk (Lair:2)
  2 steam dragons
  3 vampire mosquitoes (D:10)
  9 water moccasins
  An acid dragon (D:11)
  4 orc warriors
  A black bear (Lair:1)
  A sky beast (D:7)
  An ice beast (D:7)
  2 wolves (Lair:3)
  7 ogres
  2 centaurs
  3 phantoms
  3 kobold brigands
  11 bullfrogs
  A gnoll sergeant (D:10)
  3 wights (D:6)
  12 killer bees
  7 howler monkeys
  6 hounds
  A jelly (D:4)
  3 sleepcaps
  5 orc priests
  Ijyb (D:3)
  3 iguanas
  12 orc wizards
  8 mummies (Ossuary)
  8 gnolls
  7 adders
  A river rat (D:11)
  A shadow imp (D:5)
  A white imp (D:7)
  A worm (D:2)
  42 orcs
  7 bats
  8 endoplasms
  8 giant cockroaches
  2 gnoll zombies (Ossuary)
  7 hobgoblins
  4 quokkas
  10 ball pythons
  4 frilled lizards
  2 goblins
  2 hobgoblin zombies (Ossuary)
  15 kobolds
  3 kobold zombies (Ossuary)
  An orc zombie (Ossuary)
  A quokka zombie (D:7)
  2 rats (D:1)
369 creatures vanquished.

Vanquished Creatures (collateral kills)
  Urug (Lair:3)
  Joseph (D:7)
  2 blink frogs (Lair:2)
  A yak (Lair:3)
  Duvessa (D:7)
  A scorpion (D:4)
  Dowan (D:7)
  An orc priest (D:7)
  2 orc wizards (D:4)
  2 gnolls (D:7)
  An orc (D:4)
  A quokka (D:4)
  A goblin zombie (D:7)
16 creatures vanquished.

Vanquished Creatures (others)
  2 wolves (Lair:3)
  A white imp (D:6)
  An orc (D:8)
4 creatures vanquished.

Grand Total: 389 creatures vanquished

Notes
Turn   | Place    | Note
-------+----------+-------------------------------------------
     0 | D:1      | Xavori the Djinni Chaos Knight began the quest for the Orb.
     0 | D:1      | Reached XP level 1. HP: 20/20 MP: 0/0
    72 | D:1      | Reached XP level 2. HP: 18/25 MP: 0/0
   161 | D:1      | XOM: divination: detect items
   230 | D:1      | Reached XP level 3. HP: 30/30 MP: 0/0
   230 | D:1      | Learned a level 1 spell: Necrotise
   575 | D:1      | XOM: silly message
   595 | D:1      | XOM: silly message
   617 | D:1      | XOM: silly message
   879 | D:1      | XOM: summons 2 hostile demons
  1520 | D:1      | XOM: give mutations
  1520 | D:1      | Gained mutation: You have sharp fingernails. [Xom's
                  | mischief]
  1520 | D:1      | Lost mutation: You have sharp fingernails. [Xom's mischief]
  1635 | D:1      | XOM: torment (16/30 hp)
  1908 | D:1      | XOM: torment (16/30 hp)
  2096 | D:1      | XOM: summons 2 hostile demons
  2186 | D:2      | XOM: 6-stop teleportation journey
  2191 | D:2      | Found a faded altar of an unknown god.
  2254 | D:2      | Reached skill level 1 in Spellcasting
  2254 | D:2      | Reached skill level 1 in Conjurations
  2254 | D:2      | Reached skill level 1 in Hexes
  2254 | D:2      | Reached skill level 1 in Summonings
  2254 | D:2      | Reached skill level 1 in Necromancy
  2254 | D:2      | Reached skill level 1 in Translocations
  2254 | D:2      | Reached skill level 1 in Transmutations
  2254 | D:2      | Reached skill level 1 in Fire Magic
  2254 | D:2      | Reached skill level 1 in Ice Magic
  2254 | D:2      | Reached skill level 1 in Air Magic
  2254 | D:2      | Reached skill level 1 in Earth Magic
  2254 | D:2      | Reached skill level 1 in Poison Magic
  2273 | D:2      | Reached XP level 4. HP: 33/35 MP: 0/0
  2408 | D:1      | XOM: silly message
  3020 | D:1      | XOM: give mutations
  3020 | D:1      | Gained mutation: Potions are less effective at restoring
                  | your health. [Xom's mischief]
  3020 | D:1      | Gained mutation: Your natural rate of healing is unusually
                  | fast. [Xom's mischief]
  3020 | D:1      | Gained mutation: You are weak. (Str -2) [Xom's mischief]
  3020 | D:1      | Gained mutation: Your flesh is almost immune to the effects
                  | of heat. (rF+++) [Xom's mischief]
  3878 | D:1      | XOM is BORED!
  3878 | D:1      | XOM: stat loss: -3 Str (6/9)
  4221 | D:1      | XOM: god gift: scroll labelled YRIMPY TUBITO {god gift}
  4480 | D:2      | XOM: god gift: wand of light (5)
  4621 | D:3      | Noticed Ijyb
  4625 | D:3      | XOM: cleaving
  4627 | D:3      | XOM: confuse monster(s)
  4638 | D:3      | XOM: confuse monster(s)
  4650 | D:3      | Killed Ijyb
  4651 | D:3      | Reached XP level 5. HP: 40/40 MP: 0/0
  4651 | D:3      | Learned a level 2 spell: Lesser Beckoning
  4691 | D:3      | Reached skill level 3 in Dodging
  4737 | D:3      | Noticed Grinder
  4744 | D:3      | XOM: confuse monster(s)
  4749 | D:3      | Killed Grinder
  4750 | D:3      | Reached skill level 1 in Evocations
  4750 | D:3      | Reached XP level 6. HP: 44/47 MP: 0/0
  4792 | D:3      | Found a runed translucent door.
  4792 | D:3      | Noticed Dittersdorf's ghost (amateur HuFi)
  4885 | D:3      | Found an iron altar of Okawaru.
  4897 | D:3      | XOM: summons friendly iron imp
  4907 | D:3      | Reached XP level 7. HP: 40/52 MP: 0/0
  4907 | D:3      | Learned a level 3 spell: Stone Arrow
  5218 | D:4      | XOM: polymorph orc -> bat
  5226 | D:4      | XOM: cleaving
  5239 | D:4      | XOM: summons 7 friendly demons
  5312 | D:4      | Found an ornate altar of the Wu Jian Council.
  5312 | D:4      | XOM: 3-stop teleportation journey
  5319 | D:4      | XOM: enchant monster (good)
  5331 | D:4      | Reached skill level 4 in Dodging
  5382 | D:4      | XOM: fog
  5501 | D:4      | XOM: give mutations
  5501 | D:4      | Gained mutation: Your spells are a little harder to cast,
                  | but a little more powerful. [Xom's grace]
  5501 | D:4      | Gained mutation: You have a pair of small horns on your
                  | head. [Xom's grace]
  5529 | D:5      | Entered Level 5 of the Dungeon
  5539 | D:5      | Reached XP level 8. HP: 58/58 MP: 0/0
  5559 | D:5      | Found Qimowux's Weapon Boutique.
  5570 | D:5      | Noticed Sigmund
  5583 | D:5      | Killed Sigmund
  5584 | D:5      | Found a staircase to the Ecumenical Temple.
  5709 | D:5      | XOM: confuse monster(s)
  5769 | D:5      | Found a shadowy altar of Dithmenos.
  6398 | D:6      | XOM: give mutations
  6398 | D:6      | Gained mutation: You expend health (3 HP) to strengthen
                  | your wands. [Xom's mischief]
  6398 | D:6      | Gained mutation: You are very weak. (Str -4) [Xom's
                  | mischief]
  6398 | D:6      | Gained mutation: You are robust. (+10% HP) [Xom's mischief]
  6398 | D:6      | Gained mutation: Your mind is acute. (Int +4, Str/Dex -1)
                  | [Xom's mischief]
  6420 | D:6      | Reached skill level 5 in Fighting
  6429 | D:6      | Reached XP level 9. HP: 49/71 MP: 0/0
  6429 | D:6      | Learned a level 3 spell: Sigil of Binding
  6497 | D:6      | XOM: divination: detect creatures
  6566 | D:6      | Reached skill level 5 in Dodging
  6634 | D:6      | XOM: repel stairs
  6649 | D:6      | XOM: give mutations
  6649 | D:6      | Lost mutation: Your natural rate of healing is unusually
                  | fast. [Xom's mischief]
  6649 | D:6      | Lost mutation: You expend health (3 HP) to strengthen your
                  | wands. [Xom's mischief]
  6649 | D:6      | Gained mutation: Armour fits poorly on your strangely
                  | shaped body. [Xom's mischief]
  6649 | D:6      | Lost mutation: Your mind is acute. (Int +4, Str/Dex -1)
                  | [Xom's mischief]
  6703 | D:6      | Found a basalt altar of Yredelemnul.
  7035 | D:7      | XOM: noise
  7141 | D:7      | XOM: blink monster(s)
  7143 | D:7      | Noticed Joseph
  7150 | D:7      | Killed Joseph
  7151 | D:7      | Reached skill level 5 in Long Blades
  7172 | D:7      | Noticed Duvessa
  7174 | D:7      | Noticed Dowan
  7178 | D:7      | Killed Duvessa
  7180 | D:7      | Killed Dowan
  7262 | D:7      | Found a sand-covered staircase.
  7269 | Ossuary  | Entered an ossuary
  7349 | Ossuary  | XOM: stat loss: -1 Str (6/7)
  7620 | D:7      | Reached skill level 5 in Armour
  7624 | D:7      | XOM: swap monsters
  7627 | D:7      | Reached skill level 6 in Dodging
  7627 | D:7      | Reached XP level 10. HP: 24/79 MP: 0/0
  7808 | D:7      | Noticed a rust devil
  7886 | D:7      | Noticed a rust devil
  7972 | D:7      | Reached skill level 5 in Spellcasting
  7972 | D:7      | Reached skill level 5 in Conjurations
  7972 | D:7      | Reached skill level 5 in Hexes
  7972 | D:7      | Reached skill level 5 in Summonings
  7972 | D:7      | Reached skill level 5 in Necromancy
  7972 | D:7      | Reached skill level 5 in Translocations
  7972 | D:7      | Reached skill level 5 in Transmutations
  7972 | D:7      | Reached skill level 5 in Fire Magic
  7972 | D:7      | Reached skill level 5 in Ice Magic
  7972 | D:7      | Reached skill level 5 in Air Magic
  7972 | D:7      | Reached skill level 5 in Earth Magic
  7972 | D:7      | Reached skill level 5 in Poison Magic
  7972 | D:7      | XOM: fake destruction
  8424 | D:7      | Found a runed translucent door.
  8425 | D:7      | Noticed Crazy Yiuf
  8546 | D:7      | XOM: summons 2 hostile shadow creatures
  8553 | D:7      | XOM: smoke on damage
  8782 | D:7      | XOM: give mutation
  8782 | D:7      | Lost mutation: Potions are less effective at restoring your
                  | health. [Xom's mischief]
  9136 | D:8      | Killed a rust devil
  9136 | D:8      | XOM: potion effect (curing)
  9137 | D:8      | Reached skill level 5 in Evocations
  9146 | D:8      | Killed a rust devil
  9351 | D:8      | Found a glowing golden altar of the Shining One.
  9376 | D:8      | Noticed Psyche
  9431 | D:8      | XOM: scenery: create altars
  9667 | D:7      | XOM: cast spell 'Monstrous Menagerie'
  9688 | D:7      | Killed Psyche
 10061 | D:8      | Found Cekorrut's General Store.
 10061 | D:8      | XOM: 7-stop teleportation journey
 10088 | D:8      | Bought a potion of heal wounds for 75 gold pieces
 10088 | D:8      | Bought a potion of heal wounds for 75 gold pieces
 10662 | D:8      | XOM: summons 6 hostile demons
 10819 | D:8      | XOM: give mutations
 10819 | D:8      | Gained mutation: You are agile. (Dex +4, Str/Int -1) [Xom's
                  | grace]
 10819 | D:8      | Lost mutation: You are very weak. (Str -4) [Xom's grace]
 10819 | D:8      | Gained mutation: You are partially covered in iridescent
                  | scales. (AC +2) [Xom's grace]
 11106 | D:9      | XOM: noise
 11111 | D:9      | XOM: 2-stop teleportation journey
 11351 | D:9      | Reached skill level 7 in Dodging
 11351 | D:9      | Reached XP level 11. HP: 84/85 MP: 0/0
 11351 | D:9      | Learned a level 5 spell: Summon Forest
 11360 | D:9      | Found a hazy altar of Hepliaklqana.
 11373 | D:9      | XOM: 3-stop teleportation journey
 11398 | D:9      | XOM: enchant monster (good)
 11400 | D:9      | XOM: confuse monster(s)
 11644 | D:9      | Noticed a two-headed ogre
 11651 | D:9      | XOM: confuse monster(s)
 11655 | D:9      | Killed a two-headed ogre
 11656 | D:9      | Reached skill level 1 in Shields
 11677 | D:9      | Found a hide-covered altar of Uskayaw.
 11714 | D:9      | Identified the staff of the Several Seers {Str+2 Dex+4
                  | Stlth+ Conj} (Xom gifted it to you on level 9 of the
                  | Dungeon)
 11714 | D:9      | XOM: god gift: staff of the Several Seers {Str+2 Dex+4
                  | Stlth+ Conj}
 11902 | D:9      | XOM: scenery: summon butterflies
 11910 | D:9      | XOM: god gift: 377 gold pieces
 11917 | D:9      | XOM: stat loss: -1 Int (11/12)
 11920 | D:9      | XOM: blink monster(s)
 12478 | D:2      | XOM: give mutations
 12478 | D:2      | Lost mutation: You are agile. (Dex +4, Str/Int -1) [Xom's
                  | mischief]
 12478 | D:2      | Lost mutation: Your spells are a little harder to cast, but
                  | a little more powerful. [Xom's mischief]
 12494 | D:3      | XOM: give mutations
 12494 | D:3      | Gained mutation: You are mostly covered in iridescent
                  | scales. (AC +4) [Xom's mischief]
 12494 | D:3      | Gained mutation: Potions are less effective at restoring
                  | your health. [Xom's mischief]
 12494 | D:3      | Lost mutation: You are mostly covered in iridescent scales.
                  | (AC +4) [Xom's mischief]
 12494 | D:3      | Lost mutation: You are robust. (+10% HP) [Xom's mischief]
 12757 | D:1      | XOM: summons 5 hostile demons
 13157 | D:1      | XOM: summons 2 hostile demons
 13198 | D:2      | XOM: give mutations
 13198 | D:2      | Lost mutation: Your flesh is almost immune to the effects
                  | of heat. (rF+++) [Xom's mischief]
 13198 | D:2      | Gained mutation: You are mostly covered in iridescent
                  | scales. (AC +4) [Xom's mischief]
 13198 | D:2      | Lost mutation: Potions are less effective at restoring your
                  | health. [Xom's mischief]
 13198 | D:2      | Lost mutation: You have a pair of small horns on your head.
                  | [Xom's mischief]
 13299 | D:10     | Entered Level 10 of the Dungeon
 13341 | D:10     | Found a sparkling altar of Nemelex Xobeh.
 13512 | D:10     | XOM: confuse monster(s)
 13520 | D:10     | XOM: divination: detect items
 13521 | D:10     | XOM: noise
 13522 | D:10     | XOM: noise
 13533 | D:10     | a yak changed into a harpy
 13533 | D:10     | Noticed a harpy
 13533 | D:10     | XOM: polymorph yak -> harpy
 13548 | D:10     | Killed a harpy
 13720 | D:10     | XOM: polymorph kobold brigand -> rime drake
 13784 | D:10     | XOM: give mutation
 13784 | D:10     | Gained mutation: You have a pair of small antennae on your
                  | head. [Xom's grace]
 13942 | D:10     | Lost mutation: You are weak. (Str -2) [potion of mutation]
 13942 | D:10     | Lost mutation: You are mostly covered in iridescent scales.
                  | (AC +4) [potion of mutation]
 13942 | D:10     | Lost mutation: Armour fits poorly on your strangely shaped
                  | body. [potion of mutation]
 13942 | D:10     | Gained mutation: You are somewhat resistant to further
                  | mutation. [potion of mutation]
 14198 | D:10     | XOM: noise
 14374 | D:10     | Reached skill level 8 in Dodging
 14399 | D:10     | XOM: summons 3 friendly demons
 14573 | D:10     | Reached XP level 12. HP: 74/86 MP: 0/0
 14589 | D:10     | Found a staircase to the Orcish Mines.
 14778 | D:10     | Noticed a two-headed ogre
 14815 | D:10     | XOM: enchant monster (bad)
 14819 | D:10     | XOM: noise
 14822 | D:10     | Killed a two-headed ogre
 15244 | D:10     | Found a burning altar of Makhleb.
 15333 | D:10     | Noticed a two-headed ogre
 15348 | D:10     | XOM: divination: magic mapping
 15360 | D:10     | Noticed a two-headed ogre
 15361 | D:10     | Killed a two-headed ogre
 15371 | D:10     | Killed a two-headed ogre
 15763 | D:10     | Noticed a two-headed ogre
 15769 | D:10     | Killed a two-headed ogre
 15856 | D:11     | Noticed a boulder beetle
 15877 | D:11     | Killed a boulder beetle
 15983 | D:11     | Noticed a death yak
 15983 | D:11     | Noticed a death yak
 15983 | D:11     | XOM: 8-stop teleportation journey
 16027 | D:11     | XOM: confusion (+ monsters)
 16330 | D:11     | XOM: chaos cloud
 16333 | D:11     | Noticed a death yak
 16343 | D:11     | Killed a death yak
 16593 | D:11     | Killed a death yak
 16607 | D:11     | Killed a death yak
 16608 | D:11     | Reached skill level 9 in Dodging
 16765 | D:11     | Found a staircase to the Lair.
 16787 | D:11     | XOM: potion effect (brilliance)
 16801 | D:11     | XOM: divination: magic mapping
 16811 | D:11     | XOM: divination: magic mapping
 16961 | D:11     | Reached skill level 5 in Shields
 16961 | D:11     | Reached XP level 13. HP: 44/93 MP: 0/0
 16961 | D:11     | Learned a level 5 spell: Iskenderun's Battlesphere
 17117 | D:11     | XOM: noise
 17532 | Lair:1   | Entered Level 1 of the Lair of Beasts
 17535 | Lair:1   | XOM: cast spell 'Cause Fear'
 17576 | Lair:1   | XOM: potion effect (haste)
 17607 | Lair:1   | XOM: potion effect (haste)
 17890 | Lair:1   | XOM: confusion (+ monsters)
 17975 | Lair:1   | XOM: enchant monster (bad)
 18000 | Lair:1   | XOM: confusion
 18366 | Lair:1   | XOM: torment (48/94 hp)
 18555 | Lair:1   | XOM: stat loss: -1 Dex (18/19)
 18678 | Lair:1   | XOM: noise
 18687 | Lair:1   | XOM: swap monsters
 18873 | Lair:1   | XOM: chaos cloud
 18887 | Lair:1   | XOM: blink monster(s)
 19305 | Lair:2   | XOM: 4-stop teleportation journey
 19342 | Lair:2   | XOM: blink monster(s)
 19441 | Lair:2   | XOM: give mutations
 19441 | Lair:2   | Gained mutation: You possess an exceptional clarity of
                  | mind. [Xom's mischief]
 19441 | Lair:2   | Lost mutation: You are somewhat resistant to further
                  | mutation. [Xom's mischief]
 19441 | Lair:2   | Gained mutation: You have hidden genetic potential. [Xom's
                  | mischief]
 19441 | Lair:2   | Gained mutation: You are weak. (Str -2) [Xom's mischief]
 19537 | Lair:2   | XOM: smoke on damage
 19627 | Lair:2   | XOM: give mutations
 19627 | Lair:2   | Gained mutation: Your natural rate of healing is unusually
                  | fast. [Xom's mischief]
 19627 | Lair:2   | Lost mutation: You have a pair of small antennae on your
                  | head. [Xom's mischief]
 19627 | Lair:2   | Lost mutation: You possess an exceptional clarity of mind.
                  | [Xom's mischief]
 19707 | Lair:2   | XOM: summons 5 hostile demons
 19721 | Lair:2   | XOM: blink monster(s)
 19776 | Lair:2   | XOM: 3-stop teleportation journey
 19818 | Lair:2   | XOM: summons 2 hostile demons
 19823 | Lair:2   | XOM: blink monster(s)
 19829 | Lair:2   | XOM: noise
 19840 | Lair:2   | XOM: 1-stop teleportation journey
 20327 | Lair:2   | XOM: swap monsters
 20340 | Lair:2   | XOM: cast spell 'Call Canine Familiar'
 20342 | Lair:2   | XOM: noise
 20345 | Lair:2   | XOM: enchant monster (bad)
 20359 | Lair:2   | XOM: 2-stop teleportation journey
 20408 | Lair:2   | XOM: confusion
 20516 | Lair:2   | XOM: 2-stop teleportation journey
 20542 | Lair:2   | XOM: noise
 20554 | Lair:2   | XOM: confusion
 20595 | Lair:2   | XOM: stat loss: -1 Int (12/13)
 20621 | Lair:2   | XOM: polymorph water moccasin -> shapeshifter
 20638 | Lair:2   | XOM: enchant monster (bad)
 20643 | Lair:2   | Reached skill level 10 in Dodging
 20643 | Lair:2   | XOM: noise
 20804 | Lair:2   | XOM: cleaving
 21007 | Lair:2   | XOM: summons 1 hostile shadow creature
 21045 | Lair:2   | XOM: draining
 21164 | Lair:2   | Identified a scroll of acquirement
 21164 | Lair:2   | Acquired 629 gold pieces
 21197 | Lair:2   | XOM: repel stairs
 21223 | Lair:2   | Reached XP level 14. HP: 37/90 MP: 0/0
 21311 | Lair:2   | XOM: summons 4 hostile shadow creatures
 21329 | Lair:3   | XOM: silly message
 21355 | Lair:3   | Noticed Urug
 21416 | Lair:3   | Killed Urug
 21468 | Lair:3   | Identified the beast talisman of the Verdant God {Will+
                  | rCorr}
 21816 | Lair:3   | Found a hole to the Spider Nest.
 21838 | Lair:3   | XOM is BORED!
 21838 | Lair:3   | XOM: summons 8 hostile demons
 21855 | Lair:3   | Slain by a chaos spawn

Illustrated notes

Levels and vault maps discovered:
D:1:      dpeg_arrival_round_b, layout_basic, st_stairs_10
D:2:      layout_rooms, basic_ecumenical_altar, minmay_worlds_worst_comb
D:3:      layout_rooms, mainiacjoe_overflow_24_doors, gammafunk_ghost_grave,
          uniq_ijyb, uniq_grinder
D:4:      layout_gridville, mainiacjoe_overflow_catch_the_wave,
          nrook_mini_vaults, hangedman_decor_push
D:5:      layout_gridville, nicolae_overflow_hidden_temple,
          minmay_temple_entry_glass, serial_shops, shop, uniq_sigmund
D:6:      layout_basic, lemuel_coloured_pillars_altar
D:7:      cheibrodos_iron_armory, layout_basic, enter_ossuary_4, uniq_duvessa,
          uniq_crazy_yiuf_cottage, uniq_joseph
D:8:      layout_layer_cave, mainiacjoe_overflow_small_starburst, serial_shops,
          shop, uniq_psyche
D:9:      layout_irregular_city, mainiacjoe_overflow_concentric_impassable,
          nicolae_vehumet_altar_sigil, eat_drink_and_be_merry_uskayaw,
          serial_rivers, chequers_serial_rivers_micro_e,
          chequers_serial_rivers_marsh, chequers_serial_rivers_room_a,
          chequers_serial_rivers_micro_c
D:10:     layout_basic, overflow_temple_1_default, kennysheep_mini_moat,
          kennysheep_orc_monster_closet_entryway, grunt_ministairs_15,
          minmay_beelzebubs_servants
D:11:     layout_roguey, dpeg_lair_monsters
Lair:1:   layout_layer_cave
Lair:2:   layout_hall_layers, grunt_megastairs_1
Lair:3:   layout_cave_pods, mainiacjoe_swamp_entry_lozenge_pond,
          nicolae_spider_entry_tight_spaces, minivault_24, grunt_megastairs_2,
          uniq_urug

Skill      XL: |  1  2  3  4  5  6  7  8  9 10 11 12 13 |
---------------+----------------------------------------+-----
Long Blades    | 3 4 5 6 7 8 |  8.9
Spellcasting   | 1 2 3 4 5 6 7 8 |  8.9
Conjurations   | 1 2 3 4 5 6 7 8 |  8.9
Hexes          | 1 2 3 4 5 6 7 8 |  8.9
Summonings     | 1 2 3 4 5 6 7 8 |  8.9
Necromancy     | 1 2 3 4 5 6 7 8 |  8.9
Translocations | 1 2 3 4 5 6 7 8 |  8.9
Transmutations | 1 2 3 4 5 6 7 8 |  8.9
Fire Magic     | 1 2 3 4 5 6 7 8 |  8.9
Ice Magic      | 1 2 3 4 5 6 7 8 |  8.9
Air Magic      | 1 2 3 4 5 6 7 8 |  8.9
Earth Magic    | 1 2 3 4 5 6 7 8 |  8.9
Poison Magic   | 1 2 3 4 5 6 7 8 |  8.9
Armour         | 2 3 4 5 6 7 8 9 |  9.2
Dodging        | 3 4 6 7 8 9 10 | 10.2
Evocations     | 1 2 3 4 5 |  5.6
Fighting       | 4 5 6 7 8 9 |  9.7
Shields        | 3 5 6 |  6.6

Action                     |  1- 3 |  4- 6 |  7- 9 | 10-12 | 13-15 || total
---------------------------+-------+-------+-------+-------+-------++-------
  Melee: Falchion          |    79 |    92 |   257 |   652 |   713 ||  1793
         Punch             |     1 |       |     2 |       |       ||     3
         Headbutt          |       |       |    48 |    57 |       ||   105
         Unarmed           |       |       |       |    12 |       ||    12
   Cast: Stone Arrow       |       |       |       |    20 |     1 ||    21
         Sigil of Binding  |       |       |       |     1 |     4 ||     5
  Evoke: Wand              |       |       |     2 |    22 |     1 ||    25
    Use: Scroll            |       |     1 |     6 |    14 |     5 ||    26
         Potion            |       |       |     2 |     4 |       ||     6
   Stab: Sleeping          |     5 |     4 |       |       |       ||     9
         Confused          |       |     1 |       |     2 |     2 ||     5
         Distracted        |       |       |     1 |       |       ||     1
         Paralysed         |       |       |       |     7 |       ||     7
         Petrified         |       |       |       |     1 |       ||     1
         Invisible         |       |       |       |     1 |       ||     1
 Armour: Leather armour    |    58 |    65 |   227 |   467 |   352 ||  1169
         Skin              |       |       |       |     9 |       ||     9
  Dodge: Dodged            |    54 |    63 |   170 |   325 |   391 ||  1003
  Block: Kite shield       |       |       |   106 |   570 |   661 ||  1337
         Reflection        |       |       |       |    13 |     2 ||    15

Table legend: (Time is in decaauts)
 A = Elapsed time spent in this place.
 B = Non-inter-level travel time spent in this place.
 C = Inter-level travel time spent in this place.
 D = Time resting spent in this place.
 E = Time spent auto-exploring this place.
 F = Levels seen in this place.
 G = Mean time per level.
                   A        B        C        D        E       F      G
               +--------+--------+--------+--------+--------+-----+--------+
         Total |  22144 |  21401 |    743 |   7968 |   9481 |  15 | 1476.3 |
       Dungeon |  17475 |  16789 |    686 |   7207 |   6854 |  11 | 1588.6 |
          Lair |   4383 |   4326 |     57 |    761 |   2440 |   3 | 1461.0 |
       Ossuary |    285 |    285 |      0 |      0 |    187 |   1 |  285.0 |
               +--------+--------+--------+--------+--------+-----+--------+

Top non-repeatable levels by time:
     D:1: 4029 daAuts
    D:10: 2589 daAuts
     D:7: 2132 daAuts
  Lair:1: 2118 daAuts
     D:8: 1895 daAuts
  Lair:2: 1703 daAuts
    D:11: 1696 daAuts
     D:2: 1394 daAuts
     D:9: 1049 daAuts
     D:6: 870 daAuts
     D:5: 848 daAuts
     D:3: 584 daAuts
  Lair:3: 561 daAuts
     D:4: 386 daAuts
 Ossuary: 285 daAuts
